 Dungeon Crawl Stone Soup version 0.30.1-11-g7821555f0a (webtiles) character file.

Game seed: 12368174807364520106

1941 rayz the Stinger (level 8, -4/42 (53) HPs)
             Began as a Demonspawn Venom Mage on Nov 21, 2023.
             Was a Priest of Qazlal.
             Slain by a wight
             ... wielding a +0 flail
              (5 damage)
             ... on level 7 of the Dungeon.
             The game lasted 00:48:42 (5506 turns).

rayz the Stinger (Demonspawn Venom Mage)            Turns: 5506, Time: 00:48:42

HP:   -4/42 (53)    AC:  8    Str: 12    XL:     8   Next: 98%
MP:   12/24         EV: 14    Int: 19    God:    Qazlal [***...]
Gold: 286           SH:  3    Dex: 14    Spells: 8/17 levels left

rFire   + + .        q - staff of conjuration "Riteyg" {rF+ Str+4}
rCold   . . .        j - orb {light}
rNeg    . . .        a - +1 robe
rPois   .            (no helmet)
rElec   .            (no cloak)
rCorr   .            (no gloves)
SInv    .            p - +0 pair of boots
Will    .....        h - amulet of regeneration
Stlth   +            l - ring of wizardry
HPRegen 1.07/turn    u - ring of magical power
MPRegen 0.19/turn

%: wizardry (x1)
@: glowing, heavily drained
A: molten scales 3, demonic magic 1, weakness stinger 2
a: Renounce Religion, Upheaval, Elemental Force


You were on level 7 of the Dungeon.
You worshipped Qazlal.
Qazlal was most pleased with you.
You visited 1 branch of the dungeon, and saw 7 of its levels.

You collected 286 gold pieces.

Inventory:

Hand Weapons
 c - a +0 mace of protection
 D - a +1 dagger of venom
 E - a +0 shortbow
Missiles
 g - 6 poisoned darts
 F - 2 javelins
Armour
 a - a +1 robe (worn)
 j - an orb of light (worn)
 p - a +0 pair of boots (worn)
Magical Staves
 q - the staff of conjuration "Riteyg" (weapon) {rF+ Str+4}
   (You found it on level 4 of the Dungeon)

   [staff of conjuration]

   Base accuracy: +5 Base damage: 5 Base attack delay: 1.2 This weapon's minimum
   attack delay (0.6) is reached at skill level 12.
   Str:       It affects your strength (+4).
   rF:        It protects you from fire.
   It falls into the 'Staves' category.
   It is a one-handed weapon.
Jewellery
 h - an amulet of regeneration (around neck)
 l - a ring of wizardry (left hand)
 u - a ring of magical power (right hand)
 A - a ring of protection from fire
 C - a ring of magical power
Wands
 k - a wand of charming (10)
 y - a wand of roots (18)
Scrolls
 e - a scroll of amnesia
 n - 2 scrolls of vulnerability
 s - a scroll of teleportation
 v - a scroll of butterflies
 B - 2 scrolls of identify
Potions
 b - a potion of magic
 d - 3 potions of curing {unknown}
 f - a potion of attraction {unknown}
 i - 2 potions of brilliance
 m - a potion of might {unknown}
 o - 5 potions of heal wounds {unknown}
 r - a potion of resistance {unknown}
 t - a potion of invisibility {unknown}
 x - a potion of berserk rage {unknown}
 z - a potion of mutation {unknown}


   Skills:
 - Level 0.7 Fighting
 - Level 1.1 Maces & Flails
 + Level 4.7 Dodging
 - Level 2.2 Stealth
 - Level 0.1 Shields
 + Level 5.2 Spellcasting
 - Level 0.4 Conjurations
 + Level 5.0 Necromancy
 + Level 4.6 Transmutations
 + Level 6.0 Poison Magic


You had 8 spell levels left.
You knew the following spells:

 Your Spells              Type           Power      Damage    Failure   Level
a - Sting                 Tmut/Pois      100%       1d8       1%          1
b - Necrotise             Necr           96%        1d8       1%          1
c - Mephitic Cloud        Conj/Pois/Air  19%        N/A       6%          3
d - Olgreb's Toxic Radia  Pois           28%        N/A       4%          4

Your spell library contained the following spells:

 Spells                   Type           Power      Damage    Failure   Level
 Poisonous Vapours        Pois/Air       32%        N/A       2%          2
 Apportation              Tloc           8%         N/A       4%          1
 Summon Small Mammal      Summ           16%        N/A       4%          1


Dungeon Overview and Level Annotations

Branches:
Dungeon (7/15)
 Temple: D:4-7

Altars:
Cheibriados
Kikubaaqudgha
Qazlal

Shops:
D:6 (

Annotations:
D:4 1 runed translucent door, SacredBeard's ghost, amateur DsNe


Innate Abilities, Weirdness & Mutations

You are completely covered in molten scales. (AC +4, rF+)
Spells you cast may paralyse adjacent enemies.
You have a tail ending in a sharp stinger.


Message History

The wight hits you with a +4 dire flail!
You feel drained.
* * * LOW HITPOINT WARNING * * *
You hit the wight but do no damage.
The wight is almost destroyed.
The wight barely misses you.
You hit the wight but do no damage. You tail-slap the wight.
You destroy the wight!
Qazlal accepts your kill.
You hit the wight.
You tail-slap the wight, but do no damage.
The wight is lightly damaged.
The wight hits you with a +0 flail!
* * * LOW HITPOINT WARNING * * *
You feel drained.
* * * LOW HITPOINT WARNING * * *
The wight barely misses you.
As you read the scroll of fear, it crumbles to dust.
You assume a fearsome visage.
The wight is unaffected.
The wight closely misses you.
You hit the wight but do no damage.
The wight is lightly damaged.
The wight closely misses you.
You hit the wight but do no damage. You tail-slap the wight.
The wight is lightly damaged.
The wight barely misses you.
You hit the wight.
Your tail-slap misses the wight.
The wight is moderately damaged.
The wight hits you with a +0 flail.
* * * LOW HITPOINT WARNING * * *
You hit the wight but do no damage.
You tail-slap the wight, but do no damage.
The wight is moderately damaged.
You block the wight's attack.
You hit the wight but do no damage. You tail-slap the wight.
The wight is heavily damaged.
The wight hits you with a +0 flail!
* * * LOW HITPOINT WARNING * * *
You feel drained.
You die...

##############
#####......z.z...#
......##########z#
####### #@#
......# #.#
......# #.#
......# #<#
.......... #.#
......#... #.#
.$....# # #.#
........ #.#
.#.####.# #..


You could see a wight.

Vanquished Creatures
  Menkaure (D:4)
  A sky beast (D:6)
  2 ogres (D:5)
  2 black bears (D:4)
  A centaur (D:6)
  A phantom (D:7)
  A kobold brigand (D:7)
  A bullfrog (D:7)
  3 scorpions
  3 wights (D:7)
  2 howler monkeys (D:7)
  4 orc priests
  4 hounds
  3 iguanas
  5 orc wizards
  2 adders
  A shadow imp (D:5)
  2 ufetubi
  2 worms
  A dart slug (D:1)
  20 orcs
  6 bats
  7 endoplasms
  A giant cockroach (D:4)
  9 hobgoblins
  10 jackals
  12 kobolds
  3 quokkas
  5 ball pythons
  3 frilled lizards (D:1)
  3 goblins
  4 rats (D:1)
125 creatures vanquished.

Vanquished Creatures (collateral kills)
  A bullfrog (D:7)
  A howler monkey (D:7)
  A kobold (D:7)
3 creatures vanquished.

Grand Total: 128 creatures vanquished

Notes
Turn   | Place    | Note
-------+----------+-------------------------------------------
     0 | D:1      | rayz the Demonspawn Venom Mage began the quest for the Orb.
     0 | D:1      | Reached XP level 1. HP: 13/13 MP: 3/3
    81 | D:1      | Reached skill level 1 in Transmutations
   166 | D:1      | Gained mutation: You are partially covered in molten
                  | scales. (AC +2) [demonic ancestry]
   166 | D:1      | Reached XP level 2. HP: 16/19 MP: 0/5
   361 | D:1      | Learned a level 1 spell: Necrotise
   596 | D:2      | Gained mutation: You are mostly covered in molten scales.
                  | (AC +3) [demonic ancestry]
   596 | D:2      | Reached XP level 3. HP: 22/25 MP: 3/6
   709 | D:2      | Found a faded altar of an unknown god.
   717 | D:2      | Prayed at the altar of an unknown god.
   717 | D:2      | Became a worshipper of Qazlal Stormbringer
   717 | D:2      | Reached * piety under Qazlal
  1412 | D:3      | Learned a level 3 spell: Mephitic Cloud
  1796 | D:4      | Noticed Menkaure
  2393 | D:4      | Killed Menkaure
  2394 | D:4      | Reached skill level 1 in Maces & Flails
  2394 | D:4      | Gained mutation: You have a small tail. [demonic ancestry]
  2394 | D:4      | Reached XP level 4. HP: 21/31 MP: 5/8
  2394 | D:4      | Gained mutation: You have a tail ending in a sharp stinger.
                  | [demonic ancestry]
  2394 | D:4      | Reached XP level 5. HP: 25/36 MP: 5/9
  2431 | D:4      | Reached skill level 1 in Necromancy
  2570 | D:4      | Noticed a black bear
  2585 | D:4      | Killed a black bear
  2586 | D:4      | Reached skill level 4 in Poison Magic
  2586 | D:4      | Reached XP level 6. HP: 36/42 MP: 6/11
  2706 | D:4      | Learned a level 4 spell: Olgreb's Toxic Radiance
  2785 | D:4      | Identified the staff of conjuration "Riteyg" {rF+ Str+4}
  3020 | D:4      | Reached ** piety under Qazlal
  3071 | D:4      | Found a runed translucent door.
  3071 | D:4      | Noticed SacredBeard's ghost (amateur DsNe)
  3108 | D:5      | Entered Level 5 of the Dungeon
  3134 | D:5      | Gained mutation: Spells you cast may paralyse adjacent
                  | enemies. [demonic ancestry]
  3134 | D:5      | Reached XP level 7. HP: 18/47 MP: 4/12
  3903 | D:5      | Found a transporter.
  3918 | D:5      | Found a transporter.
  4096 | D:5      | Reached skill level 5 in Poison Magic
  4361 | D:6      | Gained mutation: You are completely covered in molten
                  | scales. (AC +4, rF+) [demonic ancestry]
  4361 | D:6      | Reached XP level 8. HP: 49/53 MP: 10/14
  4641 | D:6      | Found a snail-covered altar of Cheibriados.
  4816 | D:6      | Found an ancient bone altar of Kikubaaqudgha.
  5000 | D:6      | Found Keivaj's Firing Range.
  5431 | D:7      | Reached *** piety under Qazlal
  5434 | D:7      | Reached skill level 5 in Spellcasting
  5489 | D:7      | Reached skill level 5 in Necromancy
  5489 | D:7      | Reached skill level 6 in Poison Magic
  5506 | D:7      | HP: 1/44 [wight/+0 flail (11)]
  5506 | D:7      | Slain by a wight

Illustrated notes

Levels and vault maps discovered:
D:1:      psy_arrival_terrarium, layout_basic, minmay_cupped
D:2:      layout_loops_ring, dilly_ecumenical_altar_fadedgnrine
D:3:      layout_basic
D:4:      layout_rooms, serial_rivers, chequers_serial_rivers_micro_a,
          chequers_serial_rivers_micro_e, chequers_serial_rivers_small_b,
          chequers_serial_rivers_micro_e, chequers_serial_rivers_large_a,
          chequers_serial_rivers_marsh, gammafunk_ghost_grave, abandoned_shop,
          uniq_menkaure
D:5:      gammafunk_wand_slinger, layout_loops_ring, kennysheep_small_spiral,
          feat_on_display
D:6:      layout_basic, kiku_gazebo_pond_becter,
          mainiacjoe_overflow_surrounded_room, nicolae_shop_firing_range
D:7:      layout_loops_ring, nicolae_overflow_hidden_temple,
          minmay_temple_entry_mist, serial_shops,
          nicolae_shop_tiny_statue_garden, dreamdust_princess_bridge

Skill      XL: |  1  2  3  4  5  6  7  8 |
---------------+-------------------------+-----
Transmutations | 1 2 3 4 |  4.6
Maces & Flails | 1 |  1.1
Dodging        | 2 3 4 |  4.7
Stealth        | 2 |  2.2
Spellcasting   | 3 4 5 |  5.2
Necromancy     | 1 2 3 5 |  5.0
Poison Magic   | 4 5 6 |  6.0
Fighting       | |  0.7
Shields        | |  0.1
Conjurations   | |  0.4

Action                     |  1- 3 |  4- 6 |  7- 9 || total
---------------------------+-------+-------+-------++-------
  Melee: Mace              |    60 |    33 |       ||    93
         Tailslap          |       |    11 |    26 ||    37
         Staff             |       |    10 |    71 ||    81
   Cast: Sting             |    52 |    34 |    41 ||   127
         Necrotise         |    12 |     4 |    27 ||    43
         Mephitic Cloud    |     1 |     1 |     4 ||     6
         Olgreb's Toxic Ra |       |     2 |    13 ||    15
 Invoke: Upheaval          |       |       |     1 ||     1
    Use: Scroll            |     4 |     2 |     4 ||    10
   Stab: Distracted        |     1 |       |       ||     1
         Paralysed         |       |       |     9 ||     9
 Armour: Robe              |    45 |    29 |    18 ||    92
  Dodge: Dodged            |   104 |    68 |    59 ||   231
  Block: Orb               |     2 |     4 |    12 ||    18
         Other             |     2 |       |       ||     2
